 Dungeon Crawl Stone Soup version 0.29.0-4-gdea44cf6ec (webtiles) character file.

Game seed: 5169724940862895048

48 qw the Chopper (level 3, -1/21 HPs)
             Began as a Tengu Warper on Aug 28, 2022.
             Killed from afar by an orc wizard (3 damage)
             ... with a magic dart
             ... on level 4 of the Dungeon.
             The game lasted 00:00:11 (1752 turns).

qw the Chopper (Tengu Warper)                       Turns: 1752, Time: 00:00:11

Health: -1/21      AC:  3    Str: 13    XL:     3   Next: 72%
Magic:  7/7        EV: 12    Int: 13    God:
Gold:   104        SH:  0    Dex: 13    Spells: 6/6 levels left

rFire   . . .      SeeInvis .   Y - +0 hand axe
rCold   . . .      Faith    .   (no shield)
rNeg    . . .      Spirit   .   b - +0 leather armour
rPois   .          Reflect  .   (helmet restricted)
rElec   .          Harm     .   (no cloak)
rCorr   .          Rampage  .   (no gloves)
Will    .....                   (boots unavailable)
Stlth   +.........              (no amulet)
HPRegen 0.07/turn               (no ring)
MPRegen 0.10/turn               (no ring)

@: no status effects
A: beak, talons 3
a: no special abilities


You were on level 4 of the Dungeon.
You visited 1 branch of the dungeon, and saw 3 of its levels.

You collected 104 gold pieces.


Innate Abilities, Weirdness & Mutations

You have a beak for a mouth.
You have claws for feet.


   Skills:
 - Level 2.0 Fighting
 + Level 4.3 Axes
 - Level 1.0 Throwing
 - Level 1.1 Armour
 - Level 2.1 Dodging
 - Level 2.0 Spellcasting
 - Level 2.4 Translocations


You had 6 spell levels left.
You didn't know any spells.
Your spell library contained the following spells:

 Spells                   Type           Power      Damage    Failure   Level
 Blink                    Tloc           14%        N/A       19%         2
 Gell's Gravitas          Tloc           7%         N/A       36%         3
 Lesser Beckoning         Tloc           7%         N/A       36%         3
 Teleport Other           Tloc           7%         N/A       36%         3
 Manifold Assault         Tloc           7%         N/A       98%         5

Inventory:

Hand Weapons
 d - a +0 whip
 Y - a +0 hand axe (weapon)
Armour
 b - a +0 leather armour (worn)
Potions
 e - a potion of flight {unknown}
 i - a potion of heal wounds {unknown}

Dungeon Overview and Level Annotations

Branches:
Dungeon (4/15)
 Temple: D:4-7

Altars:

Shops:
D:1 [


Message History

The orc hits you with a +0 whip.
You hit the orc but do no damage. Your peck misses the orc.
The orc throws a boomerang.
The boomerang closely misses you. The orc hits you with a +0 whip.
You barely miss the orc. The orc hits you with a +0 whip.
The orc wizard casts a spell.
The orc wizard flickers and vanishes!
Deactivating autopickup; reactivate with Ctrl-A.
You hit the orc but do no damage. Your kick misses the orc.
You barely miss the orc. The orc barely misses you. The orc closely misses you.
You hit the orc but do no damage. You peck the orc, but do no damage.
You hit the orc. The orc hits you but does no damage.
The orc closely misses you. The orc hits you with a +0 whip.
You hit the orc. Your kick misses the orc. You peck the orc, but do no damage.
The orc is moderately wounded.
You barely miss the orc. The orc closely misses you. x2
You hit the orc.
You kill the orc!
You hit the orc but do no damage. The orc hits you with a +0 dagger.
You barely miss the orc. Your kick misses the orc. You peck the orc.
The orc is heavily wounded.
You barely miss something. The orc barely misses you. Something hits you.
You barely miss the orc. You claw the orc, but do no damage.
The orc is heavily wounded.
You hit something. The orc barely misses you. Something hits you.
You completely miss the orc. Your kick misses the orc.
The orc is heavily wounded.
You hit something but do no damage. The orc hits you with a +0 dagger.
You hear some strange, mumbled words.
A magic dart appears from out of thin air!
The magic dart hits you.
You die...

$...~.. .......
...}..J ..g..
... #######.#
#......#
#..###o# ##.##
#@# #..# #{#
###..# #.#
####....## #.#
###...##...###.#
#...#####...##.?
##.### #...#...
#.#.## #...##..
####.# #..##


You could see an orc.

Vanquished Creatures
  A worm (D:2)
  2 orcs (D:4)
  2 ball pythons (D:1)
  3 endoplasms
  4 giant cockroaches (D:1)
  6 goblins
  2 hobgoblins (D:1)
  4 kobolds (D:1)
  A quokka (D:2)
  7 bats (D:1)
  3 frilled lizards (D:1)
  3 rats
38 creatures vanquished.

Notes
Turn   | Place    | Note
-------+----------+-------------------------------------------
     0 | D:1      | qw the Tengu Warper began the quest for the Orb.
     0 | D:1      | Reached XP level 1. HP: 12/12 MP: 4/4
     0 | D:1      | 0 ||| qw: Version: 0.1-a-89-g26bdef1
     0 | D:1      | 0 ||| qw: Game counter: 2686
     0 | D:1      | 0 ||| qw: Always use a shield: true
     0 | D:1      | 0 ||| qw: God list: Okawaru
     0 | D:1      | 0 ||| qw: Allow faded altars: false
     0 | D:1      | 0 ||| qw: Do Orc after D:15 true
     0 | D:1      | 0 ||| qw: Do second Lair branch before Depths: true
     0 | D:1      | 0 ||| qw: Lair rune preference: random
     0 | D:1      | 0 ||| qw: Plans: Normal
     0 | D:1      | 0 ||| PLANNING D:1-11
    10 | D:1      | Found Ekkiegg's Antique Armour Shop.
    20 | D:1      | 20 ||| SHOPLISTING buckler (108 gold, have 0).
    20 | D:1      | 20 ||| SHOPLISTING fire dragon scales (1440 gold, have 0).
    20 | D:1      | 20 ||| SHOPLISTING glowing scale mail (168 gold, have 0).
    20 | D:1      | 20 ||| SHOPLISTING glowing scarf (192 gold, have 0).
    20 | D:1      | 20 ||| SHOPLISTING ring mail (96 gold, have 0).
    20 | D:1      | 20 ||| SHOPLISTING runed chain mail (180 gold, have 0).
    20 | D:1      | 20 ||| SHOPLISTING twisted chain mail (228 gold, have 0).
    36 | D:1      | 36 ||| Stepping ~*~*~tactically~*~*~ (stealth).
    37 | D:1      | 37 ||| Stepping ~*~*~tactically~*~*~ (stealth).
    42 | D:1      | 42 ||| Stepping ~*~*~tactically~*~*~ (stealth).
    81 | D:1      | Reached XP level 2. HP: 7/17 MP: 6/6
   117 | D:1      | 117 ||| Stepping ~*~*~tactically~*~*~ (stealth).
   119 | D:1      | Reached skill level 3 in Axes
   257 | D:1      | 257 ||| Stepping ~*~*~tactically~*~*~ (stealth).
   530 | D:1      | 530 ||| Stepping ~*~*~tactically~*~*~ (stealth).
   572 | D:1      | Found a faded altar of an unknown god.
   707 | D:1      | 707 ||| Stepping ~*~*~tactically~*~*~ (stealth).
   792 | D:1      | Reached XP level 3. HP: 21/21 MP: 7/7
  1072 | D:1      | Reached skill level 4 in Axes
  1105 | D:1      | 1105 ||| READING 2 scrolls labelled AMNUBUD NENOY.
  1106 | D:1      | 1106 ||| READING scroll labelled LOIPOO YMEOWN.
  1107 | D:1      | 1107 ||| READING scroll labelled YPNUCHU MAELO.
  1108 | D:1      | 1108 ||| READING scroll labelled TOTAMY AGGON.
  1109 | D:1      | 1109 ||| DRINKING 3 fizzy yellow potions.
  1110 | D:1      | 1110 ||| DROPPING scroll of fear.
  1111 | D:1      | 1111 ||| DROPPING scroll of blinking.
  1112 | D:1      | 1112 ||| DROPPING 2 potions of attraction.
  1113 | D:1      | 1113 ||| Stepping randomly (stuck).
  1114 | D:1      | 1114 ||| Stepping randomly (stuck).
  1115 | D:1      | 1115 ||| Stepping randomly (stuck).
  1116 | D:1      | 1116 ||| Stepping randomly (stuck).
  1117 | D:1      | 1117 ||| Stepping randomly (stuck).
  1118 | D:1      | 1118 ||| Stepping randomly (stuck).
  1119 | D:1      | 1119 ||| Stepping randomly (stuck).
  1180 | D:2      | HP: 1/21 [worm (9)]
  1576 | D:2      | You fall into a shaft and drop 2 floors!
  1647 | D:4      | 1647 ||| READING scroll labelled RAFIGRATIVI.
  1651 | D:4      | 1651 ||| READING scroll labelled DEUCUO QAEGAOX.
  1708 | D:4      | 1708 ||| Stepping ~*~*~tactically~*~*~ (stealth).
  1710 | D:4      | 1710 ||| Stepping ~*~*~tactically~*~*~ (stealth).
  1749 | D:4      | HP: 5/21 [orc/+0 dagger (3)]
  1752 | D:4      | HP: 2/21 [orc/+0 dagger (1)]
  1752 | D:4      | Killed from afar by an orc wizard

Levels and vault maps discovered:
D:1:      amcnicky_arrival_single_pillar, layout_basic, serial_shops, shop,
          hellmonk_ecumenical_altar_arch_garden
D:2:      layout_rooms
D:4:      layout_layer_cave, zin_purify, kiku_gazebo_pond_becter, uniq_robin

Skill      XL: |  1  2  3 |
---------------+----------+-----
Axes           | 3 4 |  4.3
Fighting       | |  2.0
Throwing       | |  1.0
Armour         | |  1.1
Dodging        | |  2.1
Spellcasting   | |  2.0
Translocations | |  2.4

Action                   || total
-------------------------++-------
Melee: Hand axe          ||   100
       Kick              ||    22
       Peck              ||    19
Throw: Boomerang         ||     7
  Use: Scroll            ||     6
       Potion            ||     1
Armor: Leather armour    ||    16
Dodge: Dodged            ||    53

Table legend:
 A = Non-vault XP
 B = Vault XP
 C = Vault XP percentage of total XP
 D = Non-vault monster count
 E = Vault monster count
 F = Vault count percentage of total count
                 A         B        C        D         E       F
            +---------+---------+-------+---------+---------+-------
      Total |      69 |       0 |   0.0 |      38 |       0 |   0.0
            +---------+---------+-------+---------+---------+-------
        D:1 |      50 |       0 |   0.0 |      30 |       0 |   0.0
        D:2 |       8 |       0 |   0.0 |       3 |       0 |   0.0
        D:4 |      11 |       0 |   0.0 |       5 |       0 |   0.0
            +---------+---------+-------+---------+---------+-------
